[Event "ICC tourney 2288 (45 10)"]
[Site "Internet Chess Club"]
[Date "2021.01.09"]
[Round "2"]
[White "aminsamani99"]
[Black "VincentT2008"]
[Result "1-0"]
[ICCResult "Black resigns"]
[WhiteElo "1841"]
[BlackElo "1726"]
[Opening "King's Indian: Andersson variation"]
[ECO "E92"]
[NIC "KI.18"]
[Time "14:31:38"]
[PlyCount "93"]
[TimeControl "2700+10"]

1. d4 Nf6 2. c4 g6 3. Nf3 Bg7 4. Nc3 d6 5. e4 O-O 6. Be2 e5 7. dxe5 dxe5 8.
O-O Qe7 9. Nd5 Nxd5 10. cxd5 f5 11. Bg5 Qd6 12. Nd2 h6 13. Nc4 Qd7 14. Be3
f4 15. Bc5 Rf7 16. Rc1 b6 17. Ba3 Ba6 18. Bg4 Qe8 19. Be6 g5 20. Qh5 Nd7
21. Bxf7+ Qxf7 22. Qxf7+ Kxf7 23. Rfd1 Bf8 24. Bxf8 Kxf8 25. Nd2 Rc8 26.
Rc6 Kg7 27. Nf3 Bb5 28. Re6 Be2 29. Rc1 Bxf3 30. gxf3 Nc5 31. Rc6 a5 32. d6
Rd8 33. Rxc7+ Kf6 34. d7 Ke7 35. R1xc5 bxc5 36. Rxc5 Kxd7 37. Rxa5 Rb8 38.
b3 Kd6 39. Ra6+ Kc5 40. Rxh6 Ra8 41. Rg6 Rxa2 42. Rxg5 Kd6 43. Rg6+ Kc7 44.
Re6 Rb2 45. Rxe5 Rxb3 46. Kg2 Kd6 47. Rf5 { Black resigns } 1-0

[Event "ICC tourney 2288 (45 10)"]
[Site "Internet Chess Club"]
[Date "2021.01.09"]
[Round "2"]
[White "MChessy"]
[Black "Telos53"]
[Result "0-1"]
[ICCResult "White resigns"]
[WhiteElo "1704"]
[BlackElo "1819"]
[Opening "Ruy Lopez: modern Steinitz defense, 5.O-O"]
[ECO "C72"]
[NIC "RL.10"]
[Time "14:31:41"]
[PlyCount "72"]
[TimeControl "2700+10"]

1. e4 e5 2. Nf3 Nc6 3. Bb5 a6 4. Ba4 d6 5. O-O Bd7 6. Bb3 h6 7. Re1 Nge7 8.
d4 Ng6 9. dxe5 Ncxe5 10. Nxe5 Nxe5 11. f4 Nc6 12. e5 dxe5 13. fxe5 Bc5+ 14.
Be3 Bxe3+ 15. Rxe3 O-O 16. Qh5 Qg5 17. Qxg5 hxg5 18. e6 Bxe6 19. Bxe6 fxe6
20. Rxe6 Nd4 21. Re1 Nxc2 22. Nc3 Nxa1 23. Rxa1 Rad8 24. g3 Rd2 25. Ne4
Rxb2 26. Nxg5 Rff2 27. Rc1 Rg2+ 28. Kf1 Rbf2+ 29. Ke1 Rg1+ 30. Kxf2 Rxc1
31. Ne6 Rc2+ 32. Ke3 Rxa2 33. Nxc7 Rxh2 34. Kf3 a5 35. Nb5 a4 36. Nd6 a3 {
White resigns } 0-1

[Event "ICC tourney 2288 (45 10)"]
[Site "Internet Chess Club"]
[Date "2021.01.09"]
[Round "2"]
[White "DanielA1926"]
[Black "NickManley1987"]
[Result "1-0"]
[ICCResult "Black resigns"]
[WhiteElo "1771"]
[BlackElo "1543"]
[Opening "Queen's pawn game, Darooha variation "]
[ECO "D02"]
[NIC "QP.08"]
[Time "14:32:08"]
[PlyCount "65"]
[TimeControl "2700+10"]

1. d4 d5 2. Nf3 Nf6 3. c4 e6 4. e3 Be7 5. Nc3 O-O 6. cxd5 exd5 7. Bd2 b6 8.
Bd3 Bb7 9. Ne5 Nbd7 10. f4 c5 11. O-O Ne4 12. Nxe4 dxe4 13. Bb5 Nxe5 14.
dxe5 Qc8 15. a4 a6 16. Bc4 Qc7 17. Bc3 Bc6 18. Qe2 Qb7 19. f5 b5 20. axb5
axb5 21. Rxa8 Rxa8 22. Bxf7+ Kxf7 23. e6+ Kg8 24. Qg4 Bd6 25. f6 g6 26. Qg5
b4 27. f7+ Kf8 28. Qh6+ Ke7 29. f8=Q+ Rxf8 30. Qxf8+ Kxe6 31. Qg8+ Kd7 32.
Rf7+ Be7 33. Bf6 { Black resigns } 1-0

[Event "ICC tourney 2288 (45 10)"]
[Site "Internet Chess Club"]
[Date "2021.01.09"]
[Round "2"]
[White "GrandWizard"]
[Black "Hamlett144"]
[Result "1-0"]
[ICCResult "Black resigns"]
[WhiteElo "1806"]
[BlackElo "1452"]
[Opening "Hammerschlag (Fried fox/Pork chop opening)"]
[ECO "A00"]
[Time "14:31:42"]
[PlyCount "73"]
[TimeControl "2700+10"]

1. f3 e5 2. Kf2 f5 3. e3 Nf6 4. Be2 Bc5 5. c3 d5 6. d4 exd4 7. cxd4 Bd6 8.
Nc3 c6 9. Bd2 Nbd7 10. Bd3 Nf8 11. Nge2 Qc7 12. g3 Ng6 13. Rc1 O-O 14. Nb5
Qb8 15. Nxd6 Qxd6 16. Nf4 Ne7 17. h4 Kh8 18. h5 Ne4+ 19. fxe4 fxe4 20. Be2
Nf5 21. Bg4 Nh6 22. Bxc8 Raxc8 23. Qb3 Qd7 24. Kg2 Rf5 25. Rh4 Rcf8 26.
Rch1 Rg5 27. Rf1 Nf5 28. Rh3 Rf6 29. Qa3 Qf7 30. Qxa7 Nh6 31. Qb8+ Ng8 32.
Ng6+ Rgxg6 33. hxg6 Qxg6 34. Rxf6 Qxf6 35. Qf4 Qe6 36. Rh5 Nf6 37. Qb8+ {
Black resigns } 1-0

[Event "ICC tourney 2288 (45 10)"]
[Site "Internet Chess Club"]
[Date "2021.01.09"]
[Round "2"]
[White "maxwellmassiah"]
[Black "AmyMGL"]
[Result "0-1"]
[ICCResult "White checkmated"]
[WhiteElo "1738"]
[BlackElo "1900"]
[Opening "Queen's pawn: London system"]
[ECO "A45"]
[NIC "QP.07"]
[Time "14:31:45"]
[PlyCount "110"]
[TimeControl "2700+10"]

1. d4 Nf6 2. Bf4 e6 3. e3 d5 4. Nd2 c5 5. c3 Nc6 6. Bd3 c4 7. Bc2 Bd6 8.
Bxd6 Qxd6 9. f4 O-O 10. Ngf3 h6 11. Ne5 b5 12. O-O Bb7 13. Qf3 Ne7 14. Qh3
Ne4 15. Nxe4 dxe4 16. Qh5 Nf5 17. Qe2 Rac8 18. a3 Ne7 19. Kh1 a5 20. Rg1 g6
21. Qg4 Kg7 22. Qg3 h5 23. Qh3 f6 24. Nxg6 Nxg6 25. Raf1 f5 26. Qxh5 Rh8
27. Qg5 Qe7 28. Qxe7+ Nxe7 29. g4 Kf7 30. Rf2 Rh3 31. Re2 Rch8 32. gxf5
Nxf5 33. Kg2 Rxh2+ 34. Kf1 Rxe2 35. Kxe2 Rh2+ 36. Kd1 Nxe3+ 37. Kc1 Rxc2+
38. Kb1 Rf2 39. Ka2 Rxf4 40. Rh1 Nf5 41. Rh7+ Ng7 42. Rh3 Rf3 43. Rh1 e3
44. Re1 Nf5 45. d5 Bxd5 46. b4 cxb3+ 47. Kb2 Rf2+ 48. Ka1 Bc4 49. a4 Rf1
50. Rxf1 Bxf1 51. axb5 Bxb5 52. c4 e2 53. cxb5 e1=Q+ 54. Kb2 Qe2+ 55. Ka3
Qa2# { White checkmated } 0-1

[Event "ICC tourney 2288 (45 10)"]
[Site "Internet Chess Club"]
[Date "2021.01.09"]
[Round "2"]
[White "Daniel-Lee"]
[Black "ved2006"]
[Result "1-0"]
[ICCResult "Black resigns"]
[WhiteElo "1877"]
[BlackElo "1686"]
[Opening "French: Tarrasch, open variation"]
[ECO "C07"]
[NIC "FR.19"]
[Time "14:31:37"]
[PlyCount "85"]
[TimeControl "2700+10"]

1. e4 e6 2. d4 d5 3. Nd2 c5 4. exd5 Qxd5 5. Ngf3 Nc6 6. Bc4 Qd8 7. O-O Nf6
8. Nb3 cxd4 9. Nbxd4 Nxd4 10. Nxd4 a6 11. Bg5 Be7 12. c3 O-O 13. Qf3 Qc7
14. Bd3 e5 15. Nf5 Bxf5 16. Qxf5 g6 17. Qh3 Nh5 18. Bxe7 Qxe7 19. Qe3 Rfe8
20. Rfe1 Qf6 21. Be4 Rab8 22. b4 Ng7 23. a4 Nf5 24. Qf3 b6 25. g4 Qg5 26.
Bxf5 gxf5 27. Qxf5 Qxf5 28. gxf5 Kg7 29. Rad1 Kf6 30. Rd7 Rg8+ 31. Kf1 Rg5
32. Ra7 Rh5 33. Kg2 Rg5+ 34. Kh1 Rxf5 35. Rxa6 Rxf2 36. a5 Ra2 37. c4 Kf5
38. Rxb6 Rxb6 39. axb6 Rb2 40. b5 Rd2 41. b7 Rd8 42. c5 Ke6 43. c6 { Black
resigns } 1-0

[Event "ICC tourney 2288 (45 10)"]
[Site "Internet Chess Club"]
[Date "2021.01.09"]
[Round "2"]
[White "sillytiger"]
[Black "JeremyICC"]
[Result "0-1"]
[ICCResult "White resigns"]
[WhiteElo "1432"]
[BlackElo "1650"]
[Opening "English: Carls' Bremen system"]
[ECO "A22"]
[NIC "EO.10"]
[Time "14:31:42"]
[PlyCount "62"]
[TimeControl "2700+10"]

1. c4 Nf6 2. Nc3 e5 3. g3 Nc6 4. Bg2 g6 5. Nf3 Bg7 6. O-O O-O 7. d3 d6 8.
Bd2 Be6 9. a3 Qd7 10. Re1 Bh3 11. Bh1 d5 12. Ng5 d4 13. Nce4 Nxe4 14. Nxe4
f5 15. Nc5 Qe7 16. Nxb7 e4 17. dxe4 fxe4 18. b4 e3 19. fxe3 dxe3 20. Bc3
Bxc3 21. Bxc6 Bxe1 22. Qxe1 Rf1+ 23. Qxf1 Bxf1 24. Rxf1 Rf8 25. Bd5+ Kg7
26. Rd1 Qf6 27. Bf3 Qb2 28. Nc5 Rxf3 29. exf3 Qf2+ 30. Kh1 e2 31. Ne6+ Kf6
{ White resigns } 0-1

[Event "ICC tourney 2288 (45 10)"]
[Site "Internet Chess Club"]
[Date "2021.01.09"]
[Round "2"]
[White "Theutltl"]
[Black "abi2009"]
[Result "1/2-1/2"]
[ICCResult "Game drawn by mutual agreement"]
[WhiteElo "1468"]
[BlackElo "1710"]
[Opening "Giuoco Pianissimo"]
[ECO "C55"]
[NIC "IG.01"]
[Time "14:32:07"]
[PlyCount "104"]
[TimeControl "2700+10"]

1. e4 e5 2. Nf3 Nc6 3. Bc4 Nf6 4. d3 Bc5 5. c3 d6 6. b4 Bb6 7. a4 a6 8. O-O
O-O 9. h3 h6 10. Nbd2 Re8 11. Re1 Ne7 12. Nf1 Ng6 13. Ng3 c6 14. a5 Bc7 15.
d4 d5 16. dxe5 dxc4 17. Qxd8 Bxd8 18. exf6 Bxf6 19. Bb2 Nf4 20. e5 Bd8 21.
Re4 Nd3 22. Bc1 Bc7 23. Rxc4 Nxe5 24. Nxe5 Bxe5 25. Re4 f5 26. Re1 Bd7 27.
Bd2 Kf7 28. f4 Bf6 29. Nf1 g5 30. fxg5 hxg5 31. Ne3 Re4 32. Nc2 Rae8 33.
Rxe4 Rxe4 34. Re1 Rxe1+ 35. Nxe1 f4 36. Nd3 Ke7 37. Nc5 Bc8 38. Kf2 Kd6 39.
Ne4+ Ke6 40. Nxf6 Kxf6 41. Kf3 Be6 42. Be1 Bd5+ 43. Kf2 Kf5 44. g3 Ke4 45.
gxf4 gxf4 46. h4 f3 47. h5 Bg8 48. h6 Bh7 49. c4 Bg6 50. c5 Bh7 51. Bd2 Bg6
52. Be1 Bh7 { Game drawn by mutual agreement } 1/2-1/2

[Event "ICC tourney 2288 (45 10)"]
[Site "Internet Chess Club"]
[Date "2021.01.09"]
[Round "2"]
[White "chesssky"]
[Black "chesslin"]
[Result "1-0"]
[ICCResult "Black resigns"]
[WhiteElo "1991"]
[BlackElo "1765"]
[Opening "Réti opening"]
[ECO "E67"]
[NIC "KI.79"]
[Time "14:31:42"]
[PlyCount "91"]
[TimeControl "2700+10"]

1. Nf3 g6 2. d4 Bg7 3. c4 d6 4. g3 Nf6 5. Bg2 O-O 6. O-O Nbd7 7. Nc3 Rb8 8.
h3 b6 9. Re1 Bb7 10. e4 c5 11. d5 a6 12. Qd3 Qc7 13. Bf4 Nh5 14. Bg5 Ne5
15. Nxe5 Bxe5 16. f4 Bg7 17. g4 h6 18. gxh5 hxg5 19. fxg5 gxh5 20. Qf3 Bd4+
21. Kh1 Kg7 22. Rf1 f6 23. Qxh5 Rh8 24. Qg4 Kf8 25. Ne2 Bc8 26. Qg3 Bxb2
27. Rab1 Be5 28. Nf4 Rg8 29. Qh4 e6 30. gxf6 Qf7 31. dxe6 Bxe6 32. Nxe6+
Qxe6 33. Qh6+ Kf7 34. Qh7+ Kf8 35. Rf5 Qf7 36. Qh6+ Ke8 37. Bf3 Kd8 38. Rd1
Kc7 39. Bh5 Qxc4 40. Qh7+ Kc6 41. Rxe5 Rb7 42. Re7 Qxa2 43. Qxg8 Qxg8 44.
Be8+ Qxe8 45. Rxe8 Rf7 46. Re6 { Black resigns } 1-0

[Event "ICC tourney 2288 (45 10)"]
[Site "Internet Chess Club"]
[Date "2021.01.09"]
[Round "2"]
[White "robbies"]
[Black "ctforce3"]
[Result "1/2-1/2"]
[ICCResult "Game drawn by mutual agreement"]
[WhiteElo "1641"]
[BlackElo "1890"]
[Opening "Sicilian: Canal-Sokolsky attack, 3...Bd7"]
[ECO "B52"]
[NIC "SI.01"]
[Time "14:31:42"]
[PlyCount "67"]
[TimeControl "2700+10"]

1. e4 c5 2. Nf3 d6 3. Bb5+ Bd7 4. Bxd7+ Qxd7 5. O-O Nc6 6. c3 Nf6 7. Re1 g6
8. d4 Bg7 9. d5 Nb8 10. e5 dxe5 11. c4 e4 12. Ng5 O-O 13. Nc3 a6 14. a4 b6
15. Ngxe4 Nxe4 16. Nxe4 Qc7 17. Rb1 Nd7 18. b3 Nf6 19. Qf3 Nxe4 20. Qxe4
Rfe8 21. Bf4 Qd7 22. Be5 Bxe5 23. Qxe5 b5 24. axb5 axb5 25. Re3 Qd6 26.
Rbe1 Qxe5 27. Rxe5 bxc4 28. bxc4 Ra4 29. d6 Rxc4 30. Rxe7 Rd8 31. Re8+ Rxe8
32. Rxe8+ Kg7 33. g3 Rd4 34. Rc8 { Game drawn by mutual agreement } 1/2-1/2

[Event "ICC tourney 2288 (45 10)"]
[Site "Internet Chess Club"]
[Date "2021.01.09"]
[Round "2"]
[White "Laine23"]
[Black "pianoboy"]
[Result "1-0"]
[ICCResult "Black resigns"]
[WhiteElo "1645"]
[BlackElo "1849"]
[Opening "Caro-Kann: Tartakower (Nimzovich) variation"]
[ECO "B15"]
[NIC "CK.06"]
[Time "14:31:42"]
[PlyCount "115"]
[TimeControl "2700+10"]

1. e4 c6 2. d4 d5 3. Nc3 dxe4 4. Nxe4 Nf6 5. Nxf6+ exf6 6. c3 Bd6 7. Bd3
O-O 8. Ne2 Re8 9. Qc2 h5 10. Be3 Nd7 11. O-O-O Nf8 12. Ng3 g6 13. Kb1 Be6
14. Ne4 Be7 15. f3 Qa5 16. a3 b5 17. Nf2 Qc7 18. g4 h4 19. Ne4 a5 20. Bf2
g5 21. c4 bxc4 22. Bxc4 Bxc4 23. Qxc4 Rab8 24. d5 Qb7 25. Rd2 cxd5 26. Qxd5
Qxd5 27. Rxd5 Ra8 28. Rhd1 Reb8 29. Ka2 Rb7 30. Be1 a4 31. Bc3 Nh7 32. Rd7
Raa7 33. Rxb7 Rxb7 34. Rd4 f5 35. gxf5 Rb5 36. f6 Nxf6 37. Rxa4 Nxe4 38.
Rxe4 Bf8 39. b4 Rf5 40. Re3 g4 41. fxg4 Rf2+ 42. Kb3 Rxh2 43. b5 Bc5 44.
Re5 Bb6 45. a4 Rh3 46. Kc4 Rg3 47. Re8+ Kh7 48. Rh8+ Kg6 49. Rxh4 Kg5 50.
Rh7 Rxg4+ 51. Kb3 f5 52. a5 Bc5 53. b6 f4 54. b7 Ba7 55. Rh8 f3 56. Rf8 Rf4
57. Bd2 f2 58. Rxf4 { Black resigns } 1-0

[Event "ICC tourney 2288 (45 10)"]
[Site "Internet Chess Club"]
[Date "2021.01.09"]
[Round "2"]
[White "Pulsar42"]
[Black "Nimzonick"]
[Result "1/2-1/2"]
[ICCResult "Game drawn by mutual agreement"]
[WhiteElo "1550"]
[BlackElo "1913"]
[Opening "French: exchange variation"]
[ECO "C01"]
[NIC "FR.01"]
[Time "14:31:50"]
[PlyCount "104"]
[TimeControl "2700+10"]

1. e4 e6 2. d4 d5 3. exd5 exd5 4. Nf3 Nf6 5. Bd3 c5 6. c3 c4 7. Bc2 Bd6 8.
Bg5 h6 9. Bh4 Qe7+ 10. Qe2 Qxe2+ 11. Kxe2 g5 12. Bg3 Bxg3 13. hxg3 Bg4 14.
Nd2 Nc6 15. Rae1 O-O-O 16. Kd1 Kd7 17. Kc1 Be6 18. Ba4 Ng4 19. Ne5+ Nxe5
20. Rxe5 Kd6 21. Re3 Bf5 22. Nf3 f6 23. Kd2 a6 24. Rhe1 b5 25. Bc2 Bxc2 26.
Kxc2 Kc7 27. Nh2 h5 28. Nf3 a5 29. Re6 Rd6 30. R6e2 b4 31. Nd2 Rd7 32. b3
bxc3 33. Kxc3 Rhh7 34. bxc4 dxc4 35. Nxc4 Nxd4 36. Re3 Nc6 37. Re6 h4 38.
gxh4 gxh4 39. Rxf6 h3 40. gxh3 Rxh3+ 41. f3 Nb4 42. Kb3 Nd3 43. Re3 Nc5+
44. Ka3 Rd4 45. Rc3 Ne4 46. Rf7+ Kd8 47. Rc2 Ng5 48. Rf5 Nxf3 49. Rc3 Rxc4
50. Rcxf3 Rxf3+ 51. Rxf3 Kc7 52. Kb3 Rg4 { Game drawn by mutual agreement }
1/2-1/2

[Event "ICC tourney 2288 (45 10)"]
[Site "Internet Chess Club"]
[Date "2021.01.09"]
[Round "2"]
[White "davidtxie"]
[Black "landonp"]
[Result "0-1"]
[ICCResult "White resigns"]
[WhiteElo "1671"]
[BlackElo "1472"]
[Opening "Vienna gambit"]
[ECO "C29"]
[NIC "VG.04"]
[Time "14:31:38"]
[PlyCount "125"]
[TimeControl "2700+10"]

1. e4 e5 2. Nc3 Nf6 3. f4 exf4 4. e5 Ng8 5. Nf3 Nc6 6. d4 d5 7. Bxf4 a6 8.
Qd2 Bb4 9. Be2 Nge7 10. O-O O-O 11. h3 h6 12. Bd3 Bf5 13. g4 Bxd3 14. Qxd3
Ng6 15. Qe3 Qe7 16. Bxh6 Bxc3 17. bxc3 Nh4 18. Nxh4 Qxh4 19. Bg5 Qh7 20.
Rf2 Nd8 21. Raf1 Ne6 22. Be7 Rfe8 23. Rxf7 Qxc2 24. R1f2 Qg6 25. Qf3 Qb1+
26. Kh2 Qg6 27. Bh4 Rf8 28. Rxf8+ Rxf8 29. Qxd5 Qh6 30. Rxf8+ Kxf8 31. Qf3+
Kg8 32. Bf2 Ng5 33. Qd3 c6 34. d5 cxd5 35. Qxd5+ Kh8 36. Qd3 Kg8 37. h4 Nf7
38. Qf5 Qd2 39. g5 Qxc3 40. g6 Qxe5+ 41. Qxe5 Nxe5 42. h5 Ng4+ 43. Kg3 Nxf2
44. Kxf2 Kf8 45. Kf3 Ke7 46. Ke4 Ke6 47. Kf4 Kf6 48. Kg4 b5 49. Kf4 a5 50.
a3 b4 51. axb4 axb4 52. Ke4 b3 53. Kd3 b2 54. Kc2 Kg5 55. Kxb2 Kxh5 56. Kc3
Kxg6 57. Kd2 Kg5 58. Ke2 Kg4 59. Kf1 Kf3 60. Kg1 Kg3 61. Kf1 g5 62. Kg1 g4
63. Kh1 { White resigns } 0-1

[Event "ICC tourney 2288 (45 10)"]
[Site "Internet Chess Club"]
[Date "2021.01.09"]
[Round "2"]
[White "rmauskopf24"]
[Black "kgeisenman32"]
[Result "0-1"]
[ICCResult "White resigns"]
[WhiteElo "1765"]
[BlackElo "1522"]
[Opening "QGD Slav: 4.Nc3"]
[ECO "D15"]
[NIC "SL.03"]
[Time "14:31:37"]
[PlyCount "86"]
[TimeControl "2700+10"]

1. d4 d5 2. c4 c6 3. Nf3 Nf6 4. Nc3 Bf5 5. cxd5 cxd5 6. Qb3 b6 7. e3 Nbd7
8. Nxd5 Nxd5 9. Qxd5 e6 10. Qb3 Rc8 11. Bd3 Bg4 12. Nd2 Bd6 13. Ne4 Be7 14.
O-O O-O 15. Bd2 Nf6 16. Bb4 Bxb4 17. Qxb4 Nd5 18. Qd2 f5 19. Ng3 Qh4 20. h3
Bh5 21. Nxh5 Qxh5 22. Rac1 Rcd8 23. Rc6 Rf6 24. e4 fxe4 25. Bxe4 Nf4 26.
Rfc1 Ne2+ 27. Kh2 Nxc1 28. Rxc1 Qh4 29. f3 Qf4+ 30. Qxf4 Rxf4 31. Rc7 Rf7
32. Bxh7+ Kf8 33. Rc4 Rfd7 34. Ra4 a5 35. b4 Rxd4 36. Bc2 Rxb4 37. Rxb4
axb4 38. Bb3 Ke7 39. Kg1 Rd2 40. Kf1 e5 41. g3 Kf6 42. h4 Kf5 43. Bd5 Rxd5
{ White resigns } 0-1

[Event "ICC tourney 2288 (45 10)"]
[Site "Internet Chess Club"]
[Date "2021.01.09"]
[Round "2"]
[White "elytito2017"]
[Black "turtlemasterjo"]
[Result "1-0"]
[ICCResult "Black resigns"]
[WhiteElo "1907"]
[BlackElo "1655"]
[Opening "Caro-Kann: Tartakower (Nimzovich) variation"]
[ECO "B15"]
[NIC "CK.06"]
[Time "14:31:38"]
[PlyCount "99"]
[TimeControl "2700+10"]

1. e4 c6 2. d4 d5 3. Nd2 dxe4 4. Nxe4 Nf6 5. Nxf6+ exf6 6. c3 Bd6 7. Bd3
O-O 8. Ne2 Re8 9. Be3 Nd7 10. Qc2 Nf8 11. O-O-O b5 12. Kb1 a5 13. d5 Bb7
14. dxc6 Bxc6 15. Nd4 Bd7 16. Nxb5 Bxb5 17. Bxb5 Re5 18. a4 Ne6 19. Rd2 Qc7
20. Rhd1 Rd8 21. h4 f5 22. g3 h5 23. Bd4 Nxd4 24. cxd4 Qxc2+ 25. Kxc2 Re7
26. f4 Re3 27. Rd3 Re2+ 28. R1d2 Rxd2+ 29. Kxd2 Bb4+ 30. Ke2 Kf8 31. b3 Ba3
32. Rd1 Bb2 33. d5 Ba3 34. Bc6 Ke7 35. Kd3 Kd6 36. Kc4 Rb8 37. Re1 Rb4+ 38.
Kc3 Rxa4 39. Re5 Re4 40. Rxf5 f6 41. Kd3 Rb4 42. Ba4 Bb2 43. Rxh5 Rd4+ 44.
Kc2 Ba1 45. Bc6 Re4 46. Rh7 f5 47. Rh5 Re3 48. Rxf5 Bf6 49. g4 Rxb3 50.
Kxb3 { Black resigns } 1-0

[Event "ICC tourney 2288 (45 10)"]
[Site "Internet Chess Club"]
[Date "2021.01.09"]
[Round "3"]
[White "NickManley1987"]
[Black "maxwellmassiah"]
[Result "0-1"]
[ICCResult "White resigns"]
[WhiteElo "1543"]
[BlackElo "1738"]
[Opening "Sicilian: Smith-Morra gambit"]
[ECO "B21"]
[NIC "SI.48"]
[Time "17:01:31"]
[PlyCount "29"]
[TimeControl "2700+10"]

1. e4 c5 2. d4 cxd4 3. c3 d5 4. exd5 Qxd5 5. cxd4 Nc6 6. Nf3 Nf6 7. Nc3 Qd8
8. Bc4 Bf5 9. O-O e6 10. Bf4 Be7 11. Re1 O-O 12. Bg3 Rc8 13. Qe2 Nxd4 14.
Nxd4 Qxd4 15. Bb3 { White resigns } 0-1

[Event "ICC tourney 2288 (45 10)"]
[Site "Internet Chess Club"]
[Date "2021.01.09"]
[Round "3"]
[White "sillytiger"]
[Black "ab4gm"]
[Result "1-0"]
[ICCResult "Black checkmated"]
[WhiteElo "1432"]
[BlackElo "1122"]
[Opening "English opening"]
[ECO "A21"]
[NIC "EO.23"]
[Time "17:01:51"]
[PlyCount "79"]
[TimeControl "2700+10"]

1. c4 e5 2. Nc3 Bc5 3. g3 Nf6 4. Bg2 O-O 5. Nf3 Nc6 6. O-O d6 7. d3 Bg4 8.
Bd2 h6 9. h3 Bxf3 10. Bxf3 Nd4 11. Bg2 c6 12. a3 d5 13. b4 Be7 14. b5 cxb5
15. Nxb5 Nxb5 16. cxb5 Qb6 17. a4 Bc5 18. Qb3 Rfd8 19. a5 Qe6 20. Rfc1 Bd4
21. Bc3 Bxc3 22. Rxc3 d4 23. Qxe6 fxe6 24. Rc7 Rd7 25. Rac1 b6 26. Rxd7
Nxd7 27. Bxa8 bxa5 28. Ra1 Nb6 29. Bb7 a4 30. Kf1 Nd7 31. Rxa4 Nc5 32. Rxa7
Nb3 33. b6 Nd2+ 34. Ke1 Nb3 35. Bd5 exd5 36. b7 Nc5 37. b8=Q+ Kh7 38. Qf8
Kg6 39. Rxg7+ Kh5 40. Qf5# { Black checkmated } 1-0

[Event "ICC tourney 2288 (45 10)"]
[Site "Internet Chess Club"]
[Date "2021.01.09"]
[Round "3"]
[White "AmyMGL"]
[Black "aminsamani99"]
[Result "1-0"]
[ICCResult "Black checkmated"]
[WhiteElo "1900"]
[BlackElo "1841"]
[Opening "Sicilian defense"]
[ECO "B30"]
[NIC "SI.31"]
[Time "17:01:35"]
[PlyCount "63"]
[TimeControl "2700+10"]

1. e4 c5 2. Nf3 Nc6 3. d3 g6 4. g3 Bg7 5. Bg2 d6 6. O-O Nf6 7. c3 O-O 8.
Bg5 Qb6 9. Qc1 Re8 10. Nbd2 a5 11. Nc4 Qc7 12. a4 Be6 13. Na3 Bb3 14. Nb5
Qb6 15. c4 Na7 16. Ra3 Nxb5 17. Rxb3 Qc6 18. Rxb5 Nd7 19. e5 d5 20. cxd5
Qxd5 21. d4 Rac8 22. Rxa5 Qb3 23. Qc3 Qb6 24. Rb5 Qa7 25. Qb3 cxd4 26. Rxb7
Nc5 27. Qxf7+ Kxf7 28. Rxa7 Nb3 29. Bf6 Bh6 30. Ng5+ Kg8 31. Bd5+ Kf8 32.
Nxh7# { Black checkmated } 1-0

[Event "ICC tourney 2288 (45 10)"]
[Site "Internet Chess Club"]
[Date "2021.01.09"]
[Round "3"]
[White "turtlemasterjo"]
[Black "abi2009"]
[Result "1-0"]
[ICCResult "Black resigns"]
[WhiteElo "1655"]
[BlackElo "1710"]
[Opening "Vienna game"]
[ECO "C28"]
[NIC "VG.04"]
[Time "17:01:33"]
[PlyCount "107"]
[TimeControl "2700+10"]

1. e4 e5 2. Nc3 Nc6 3. Bc4 Nf6 4. d3 Bc5 5. f4 d6 6. h3 exf4 7. Nf3 Be6 8.
Bb3 Nd4 9. Bxf4 Nxf3+ 10. gxf3 Nh5 11. Bh2 Qh4+ 12. Kd2 Qg5+ 13. f4 Nxf4
14. Qf3 Nxh3+ 15. Ke1 Bf2+ 16. Kf1 O-O-O 17. Bxe6+ fxe6 18. Qxh3 Rhf8 19.
Ke2 Rf6 20. Nd5 Rh6 21. Qf3 exd5 22. Qxf2 Rf6 23. Qg3 Qh5+ 24. Kd2 Rdf8 25.
Rae1 Rf2+ 26. Kc1 Qh6+ 27. Kb1 Qd2 28. Rc1 dxe4 29. dxe4 Qe2 30. Rhe1 Qh5
31. Bg1 R2f7 32. Bd4 g5 33. Rh1 Qg6 34. Qg4+ Kb8 35. Rce1 Rf4 36. Qh5 Rxe4
37. Qxg6 Rxe1+ 38. Rxe1 hxg6 39. c3 g4 40. Rg1 Rf4 41. Kc2 g5 42. Be3 Rf3
43. Kd2 c6 44. Rxg4 c5 45. Rxg5 Kc7 46. Rg7+ Kc6 47. Rg6 b6 48. Ke2 Rh3 49.
Bf4 Rh8 50. Rxd6+ Kb5 51. b3 Re8+ 52. Kd3 a5 53. Be3 Ka6 54. Bxc5 { Black
resigns } 1-0

[Event "ICC tourney 2288 (45 10)"]
[Site "Internet Chess Club"]
[Date "2021.01.09"]
[Round "3"]
[White "Hamlett144"]
[Black "davidtxie"]
[Result "0-1"]
[ICCResult "White resigns"]
[WhiteElo "1452"]
[BlackElo "1671"]
[Opening "French: Winawer, advance variation"]
[ECO "C18"]
[NIC "FR.11"]
[Time "17:02:26"]
[PlyCount "104"]
[TimeControl "2700+10"]

1. e4 e6 2. d4 d5 3. Nc3 Bb4 4. e5 c5 5. a3 Bxc3+ 6. bxc3 Nc6 7. Bb5 Ne7 8.
f4 c4 9. Nf3 a6 10. Bxc6+ Nxc6 11. Rb1 O-O 12. g4 f6 13. O-O fxe5 14. fxe5
Qa5 15. Qe1 b5 16. h4 Ra7 17. Ng5 h6 18. Rxf8+ Kxf8 19. Qf2+ Kg8 20. Nh3
Qxc3 21. Nf4 Rf7 22. Bb2 Qa5 23. g5 hxg5 24. hxg5 Qd8 25. Qh4 Rf5 26. Nh3
Qe7 27. Rf1 Rxf1+ 28. Kxf1 Bd7 29. Kg2 Be8 30. Nf4 g6 31. c3 Nd8 32. Kg3
Qh7 33. Qg4 Bf7 34. a4 Qh1 35. Ng2 Qb1 36. Ba3 Qd3+ 37. Kh2 Nc6 38. Nf4
Qxc3 39. Nxg6 Qxa3 40. Nf4 Qb2+ 41. Kh3 Qxd4 42. g6 Qxe5 43. gxf7+ Kxf7 44.
Qg6+ Ke7 45. Kg4 Qf5+ 46. Qxf5 exf5+ 47. Kxf5 d4 48. Ke4 Kd6 49. axb5 axb5
50. Ne2 Kc5 51. Nc1 b4 52. Na2 b3 { White resigns } 0-1

[Event "ICC tourney 2288 (45 10)"]
[Site "Internet Chess Club"]
[Date "2021.01.09"]
[Round "3"]
[White "VincentT2008"]
[Black "landonp"]
[Result "1-0"]
[ICCResult "Black resigns"]
[WhiteElo "1726"]
[BlackElo "1472"]
[Opening "Grünfeld: exchange variation"]
[ECO "D85"]
[NIC "GI.03"]
[Time "17:01:29"]
[PlyCount "71"]
[TimeControl "2700+10"]

1. d4 Nf6 2. c4 g6 3. Nc3 d5 4. cxd5 Nxd5 5. Bd2 Bg7 6. e4 Nxc3 7. Bxc3 O-O
8. Nf3 Bg4 9. Be2 c5 10. d5 Nd7 11. O-O Rc8 12. Nd2 Bxe2 13. Qxe2 Nf6 14.
Rad1 Re8 15. Nc4 b6 16. f4 Qc7 17. d6 Qb7 18. Bxf6 Bxf6 19. d7 Bd4+ 20.
Rxd4 cxd4 21. dxe8=Q+ Rxe8 22. Rd1 Rd8 23. Ne5 f6 24. Qc4+ e6 25. Qxe6+ Kg7
26. Ng4 Rf8 27. Rxd4 Rf7 28. e5 f5 29. Nf6 b5 30. Qxf7+ Qxf7 31. Rd7 Qxd7
32. Nxd7 Kf7 33. Kf2 Ke7 34. Nc5 h5 35. Ke3 h4 36. Kd4 { Black resigns }
1-0

[Event "ICC tourney 2288 (45 10)"]
[Site "Internet Chess Club"]
[Date "2021.01.09"]
[Round "3"]
[White "pianoboy"]
[Black "Pulsar42"]
[Result "1-0"]
[ICCResult "Black checkmated"]
[WhiteElo "1849"]
[BlackElo "1550"]
[Opening "QGD: exchange variation"]
[ECO "D35"]
[NIC "QO.16"]
[Time "17:01:33"]
[PlyCount "81"]
[TimeControl "2700+10"]

1. d4 d5 2. c4 e6 3. Nc3 Nf6 4. cxd5 Nxd5 5. e4 Nf6 6. Be3 Bb4 7. Qc2 O-O
8. Nf3 Nbd7 9. h3 b6 10. Bd3 Bb7 11. O-O h6 12. Rad1 c5 13. dxc5 Nxc5 14.
Bxc5 Bxc5 15. e5 Nd5 16. Be4 Rc8 17. Rd3 f5 18. exf6 Qxf6 19. Nxd5 exd5 20.
Bxd5+ Bxd5 21. Rxd5 Ba3 22. Qb3 Qxb2 23. Qxb2 Bxb2 24. Rd7 Rf7 25. Rfd1 Rc7
26. Rd8+ Kh7 27. Kf1 Rfe7 28. Ne1 Bc3 29. Nd3 Rc4 30. g3 Ra4 31. Rc8 Bd4
32. Rd2 a5 33. Nf4 Bc5 34. Rdd8 g5 35. Rh8+ Kg7 36. Rhg8+ Kh7 37. Rh8+ Kg7
38. Nh5+ Kg6 39. g4 Rxa2 40. Rc6+ Kf7 41. Rf6# { Black checkmated } 1-0